Get step-by-step instructions on how to execute this build order below. Start the game timer, and the build order will tick by so you can play in parallel with StarCraft on a second screen or mobile device.

Game Time

  0:00

Last Step

  N/A

Next Step

Upcoming Step



Don't want to look back and forth between 2 screens? Try out our Overwolf App, the Spawning Tool Build Advisor to get an in-game overlay with this build!

Complete Build Order

  12  0:00  Probe  
  13  0:12  Probe  
  14  0:17  Pylon  
  14  0:24  Probe (Chrono Boost)  
  15  0:36  Probe (Chrono Boost)  
  15  0:37  Gateway  
  16  0:44  Probe (Chrono Boost)  
  16  0:45  Assimilator  
  17  0:50  Probe  
  17  0:54  Assimilator  
  18  1:03  Probe (Chrono Boost)  
  19  1:10  Gateway  
  20  1:12  Probe (Chrono Boost)  
  20  1:17  Probe (Chrono Boost)  
  20  1:24  Cybernetics Core  
  21  1:29  Probe  
  22  1:34  Pylon  
  22  1:41  Probe  
  23  1:53  Probe  
  24  2:01  Stalker x2  
  24  2:02  Warp Gate  
  28  2:13  Pylon  
  28  2:20  Stargate  
  28  2:25  Shield Battery  
  28  2:44  Stalker, Probe  
  31  2:56  Probe  
  31  2:59  Shield Battery  
  31  3:00  Oracle (Chrono Boost), Pylon  
  34  3:08  Probe  
  35  3:20  Probe  
  36  3:28  Nexus  
  36  3:32  Probe  
  36  3:33  Oracle  
  40  3:43  Twilight Council  
  40  3:45  Probe  
  41  3:56  Gateway  
  41  3:57  Probe  
  42  4:10  Probe  
  41  4:17  Stalker  
  41  4:18  Stalker  
  41  4:22  Probe